 Dungeon Crawl Stone Soup version 0.27.1-4-g1640c2035a (webtiles) character file.

Game seed: 4579160383415796867

211 zeram the Sneak (level 5, 0/38 HPs)
             Began as a Gnoll Enchanter on Nov 17, 2021.
             Slain by an orc (11 damage)
             ... on level 3 of the Dungeon.
             The game lasted 00:03:31 (2124 turns).

zeram the Sneak (Gnoll Enchanter)                   Turns: 2124, Time: 00:03:31

Health: 0/38       AC:  3    Str:  8    XL:     5   Next: 88%
Magic:  12/12      EV: 14    Int: 15    God:
Gold:   88         SH:  0    Dex: 18    Spells: 8/14 levels left

rFire    . . .     SeeInvis .   h - +2 dagger (venom)
rCold    . . .     Faith    .   (no shield)
rNeg     . . .     Spirit   .   b - +1 robe
rPois    .         Reflect  .   (no helmet)
rElec    .         Harm     .   (no cloak)
rCorr    .         Rampage  .   (no gloves)
Will     .....                  (no boots)
Stlth    +++.......             (no amulet)
HPRegen  0.12/turn              g - +6 ring of dexterity
MPRegen  0.13/turn              (no ring)

@: no status effects
A: fangs 1, strong nose, distributed training
a: no special abilities


You were on level 3 of the Dungeon.
You visited 1 branch of the dungeon, and saw 3 of its levels.

You collected 88 gold pieces.

Inventory:

Hand Weapons
 a - a +1 dagger
 h - a +2 dagger of venom (weapon)
 m - a +0 dagger of holy wrath
Armour
 b - a +1 robe (worn)
Jewellery
 g - a +6 ring of dexterity (left hand)
Potions
 c - 2 potions of curing {unknown}
 e - a potion of flight {unknown}
 f - 2 potions of heal wounds
 j - a potion of degeneration {unknown}
 l - 2 potions of might {unknown}


   Skills:
 + Level 1.6 Fighting
 + Level 3.1 Short Blades
 + Level 1.6 Long Blades
 + Level 1.6 Axes
 + Level 1.6 Maces & Flails
 + Level 1.6 Polearms
 + Level 1.6 Staves
 + Level 1.6 Slings
 + Level 1.6 Bows
 + Level 1.6 Crossbows
 + Level 1.6 Throwing
 + Level 1.6 Armour
 + Level 4.8 Dodging
 + Level 6.2 Stealth
 + Level 1.6 Shields
 + Level 1.6 Unarmed Combat
 + Level 5.2 Spellcasting
 + Level 1.3 Conjurations
 + Level 5.6 Hexes
 + Level 1.3 Summonings
 + Level 1.3 Necromancy
 + Level 1.3 Translocations
 + Level 1.3 Transmutations
 + Level 1.3 Fire Magic
 + Level 1.3 Ice Magic
 + Level 1.3 Air Magic
 + Level 1.3 Earth Magic
 + Level 1.3 Poison Magic
 + Level 1.9 Invocations
 + Level 1.6 Evocations


You had 8 spell levels left.
You knew the following spells:

 Your Spells              Type           Power      Damage    Failure   Level
a - Corona                Hex            22%        N/A       1%          1
b - Ensorcelled Hibernat  Hex/Ice        28%        N/A       6%          2
c - Tukima's Dance        Hex            20%        N/A       4%          3

Your spell library contained the following spells:

 Spells                   Type           Power      Damage    Failure   Level
 Confusing Touch          Hex            20%        N/A       4%          3
 Dazzling Flash           Conj/Hex       28%        N/A       12%         3
 Portal Projectile        Hex/Tloc       28%        N/A       12%         3
 Call Canine Familiar     Summ           7%         N/A       28%         3
 Leda's Liquefaction      Hex/Erth       7%         N/A       36%         4


Dungeon Overview and Level Annotations

Branches:
Dungeon (3/15)

Altars:


Innate Abilities, Weirdness & Mutations

You have very sharp teeth.
Your uncanny sense of smell can sniff out nearby items.
Your experience applies equally to all skills.


Message History

You kill the centaur!
Your Short Blades skill increases to level 3!
You hit the orc.
The orc is lightly wounded.
The orc hits you with a +3 flail of holy wrath.
You are too injured to fight recklessly!
You are too injured to fight recklessly!
You are too injured to fight recklessly!
You are too injured to fight recklessly!
Unknown command.
You are too injured to fight recklessly!
You hit the orc but do no damage.
The orc is poisoned.
The orc is lightly wounded.
The orc misses you.
You barely miss the orc.
The orc is lightly wounded.
You hit the orc but do no damage.
The orc is lightly wounded.
The orc hits you with a +3 flail of holy wrath.
You barely miss the orc.
The orc is lightly wounded.
The orc closely misses you.
You hit the orc but do no damage.
The orc looks as sick as possible!
Your bite misses the orc.
The orc is heavily wounded.
The orc hits you with a +3 flail of holy wrath.
* * * LOW HITPOINT WARNING * * *
You hit the orc.
The orc is almost dead.
You kill the orc!
Items here: ( )) [ ††.
You start resting.
An orc comes into view. It is wielding a +0 morningstar.
You are too injured to fight recklessly!
There is an open door, spattered with blood here.
Unknown command.
You close the door.
An orc opens the door.
You barely miss the orc. You closely miss the orc.
The orc hits you with a +0 morningstar!
You die...

##### #...#
#...# #...#
#...###∆
#...'.# ∆
#...#)#
#@o.#.# ∆
#...#.. #
###.#... #
#.#..##
########
#########.#...
#.......
#..><...#.##.#
#.#####.
#.#.....#.# .#
#. #.#.#...#.#
## ....#..##.#
#


You could see an orc.

Vanquished Creatures
  A necrophage (D:3)
  A centaur (D:3)
  An adder (D:2)
  2 dart slugs
  An orc (D:3)
  3 endoplasms
  3 giant cockroaches
  3 goblins (D:2)
  2 hobgoblins (D:1)
  5 kobolds
  2 quokkas (D:1)
  2 ball pythons
  5 bats
  2 frilled lizards
  2 rats
35 creatures vanquished.

Notes
Turn   | Place    | Note
-------+----------+-------------------------------------------
     0 | D:1      | zeram the Gnoll Enchanter began the quest for the Orb.
     0 | D:1      | Reached XP level 1. HP: 13/13 MP: 6/6
   479 | D:1      | Reached XP level 2. HP: 19/19 MP: 7/7
   487 | D:1      | Found a faded altar of an unknown god.
  1151 | D:2      | Reached XP level 3. HP: 21/25 MP: 9/9
  1161 | D:2      | Learned a level 2 spell: Ensorcelled Hibernation
  1165 | D:2      | Learned a level 3 spell: Tukima's Dance
  1183 | D:2      | Reached skill level 5 in Spellcasting
  1500 | D:2      | Reached skill level 6 in Stealth
  1605 | D:2      | Reached skill level 1 in Invocations
  1988 | D:3      | Noticed a necrophage
  2009 | D:3      | Killed a necrophage
  2010 | D:3      | Reached skill level 1 in Fighting
  2010 | D:3      | Reached skill level 1 in Long Blades
  2010 | D:3      | Reached skill level 1 in Axes
  2010 | D:3      | Reached skill level 1 in Maces & Flails
  2010 | D:3      | Reached skill level 1 in Polearms
  2010 | D:3      | Reached skill level 1 in Staves
  2010 | D:3      | Reached skill level 1 in Slings
  2010 | D:3      | Reached skill level 1 in Bows
  2010 | D:3      | Reached skill level 1 in Crossbows
  2010 | D:3      | Reached skill level 1 in Throwing
  2010 | D:3      | Reached skill level 1 in Armour
  2010 | D:3      | Reached skill level 1 in Shields
  2010 | D:3      | Reached skill level 1 in Unarmed Combat
  2010 | D:3      | Reached skill level 1 in Conjurations
  2010 | D:3      | Reached skill level 1 in Summonings
  2010 | D:3      | Reached skill level 1 in Necromancy
  2010 | D:3      | Reached skill level 1 in Translocations
  2010 | D:3      | Reached skill level 1 in Transmutations
  2010 | D:3      | Reached skill level 1 in Fire Magic
  2010 | D:3      | Reached skill level 1 in Ice Magic
  2010 | D:3      | Reached skill level 1 in Air Magic
  2010 | D:3      | Reached skill level 1 in Earth Magic
  2010 | D:3      | Reached skill level 1 in Poison Magic
  2010 | D:3      | Reached skill level 1 in Evocations
  2010 | D:3      | Reached XP level 4. HP: 24/32 MP: 11/11
  2010 | D:3      | Reached XP level 5. HP: 28/37 MP: 12/12
  2092 | D:3      | Noticed a centaur
  2101 | D:3      | Killed a centaur
  2124 | D:3      | Slain by an orc

Illustrated notes

Levels and vault maps discovered:
D:1:      scummos_arrival_gate, layout_basic, basic_ecumenical_altar
D:2:      layout_rooms
D:3:      minmay_razor_zed, layout_basic

Skill      XL: |  1  2  3  4  5 |
---------------+----------------+-----
Spellcasting   | 5 |  5.2
Stealth        | 6 |  6.2
Invocations    | 1 |  1.9
Fighting       | 1 |  1.6
Long Blades    | 1 |  1.6
Axes           | 1 |  1.6
Maces & Flails | 1 |  1.6
Polearms       | 1 |  1.6
Staves         | 1 |  1.6
Slings         | 1 |  1.6
Bows           | 1 |  1.6
Crossbows      | 1 |  1.6
Throwing       | 1 |  1.6
Armour         | 1 |  1.6
Shields        | 1 |  1.6
Unarmed Combat | 1 |  1.6
Conjurations   | 1 |  1.3
Summonings     | 1 |  1.3
Necromancy     | 1 |  1.3
Translocations | 1 |  1.3
Transmutations | 1 |  1.3
Fire Magic     | 1 |  1.3
Ice Magic      | 1 |  1.3
Air Magic      | 1 |  1.3
Earth Magic    | 1 |  1.3
Poison Magic   | 1 |  1.3
Evocations     | 1 |  1.6
Short Blades   | 3 |  3.1
Dodging        | |  4.8
Hexes          | |  5.6

Action                   |  1- 3 |  4- 6 || total
-------------------------+-------+-------++-------
Melee: Dagger            |   115 |    17 ||   132
       Bite              |     5 |     1 ||     6
  Use: Scroll            |     5 |       ||     5
 Stab: Sleeping          |    12 |       ||    12
       Distracted        |     1 |       ||     1
Armor: Robe              |    14 |     6 ||    20
Dodge: Dodged            |    60 |     9 ||    69
